[Event "Titled Tuesday Blitz August 08 Early 2023"]
[White "Gurel, Ediz"]
[Black "Dishman, Stephen"]
[WhiteFideId "44507356"]
[BlackFideId "403024"]
[WhiteElo "2985"]
[BlackElo "2404"]
[Result "1-0"]
[Round "2"]
[TimeControl "180+1"]
[Date "2023.08.08"]
[WhiteClock "0:01:09"]
[BlackClock "0:00:04"]
[Board "147"]

1. e4 d6 2. d4 Nf6 3. Nc3 e5 4. Nf3 Nbd7 5. g4 Nxg4 6. Rg1 Ngf6 7. Bc4 h6 8. Be3 c6 9. Bb3 b5 10. Qd3 a6 11. O-O-O Bb7 12. dxe5 dxe5 13. Nh4 g6 14. f4 Be7 15. Bxf7+ Kxf7 16. Nxg6 Rg8 17. fxe5 Rxg6 18. e6+ Kxe6 19. Rxg6 Ne5 20. Qxd8 Bxd8 21. Rxh6 Ng4 22. Rh3 b4 23. Na4 Nxe4 24. Re1 Nxe3 25. Rhxe3 Bg5 26. Nc5+ Kd5 27. Nxe4 Bxe3+ 28. Rxe3 Rh8 29. h3 c5 30. Kd2 c4 31. c3 a5 32. Nf6+ Kd6 33. Ng4 Bc8 34. Ne5 Kd5 35. Ng6 Rh6 36. Ne7+ Kc5 37. Nxc8 Rh8 38. Ne7 Rd8+ 39. Kc2 a4 40. cxb4+ Kxb4 41. Nc6+ 1-0


[Site "https://www.chess.com"]

[Event "Titled Tuesday Blitz August 08 Early 2023"]
[White "Stork, Oliver"]
[Black "Gholami Orimi, Mahdi"]
[WhiteFideId "12955728"]
[BlackFideId "12558486"]
[WhiteElo "2403"]
[BlackElo "2893"]
[Result "0-1"]
[Round "2"]
[TimeControl "180+1"]
[Date "2023.08.08"]
[WhiteClock "0:00:02"]
[BlackClock "0:01:35"]
[Board "148"]

1. d4 Nf6 2. c4 e6 3. Nf3 b6 4. g3 Ba6 5. Qc2 Bb7 6. Bg2 c5 7. d5 exd5 8. cxd5 Nxd5 9. O-O Be7 10. a3 Nc6 11. Rd1 Nc7 12. Bf4 Ne6 13. Nc3 O-O 14. Nd5 Re8 15. e3 Bf8 16. h4 h6 17. h5 d6 18. Rd2 Ne7 19. Nxe7+ Qxe7 20. Rad1 Nxf4 21. gxf4 Be4 22. Qc3 Qe6 23. Ne1 d5 24. Rxd5 Bxd5 25. Rxd5 Rad8 26. Re5 Qg4 27. f3 Qh4 28. Nd3 Rxe5 29. fxe5 c4 30. Nf4 Bc5 31. e6 Qxf4 32. e7 Bxe3+ 33. Kf1 Re8 34. Qb4 Bc5 0-1


[Site "https://www.chess.com"]

[Event "Titled Tuesday Blitz August 08 Early 2023"]
[White "Balint, Vilmos"]
[Black "Khubukshanov, Erdem"]
[WhiteFideId "718050"]
[BlackFideId "54114527"]
[WhiteElo "2403"]
[BlackElo "2843"]
[Result "0-1"]
[Round "2"]
[TimeControl "180+1"]
[Date "2023.08.08"]
[WhiteClock "0:00:44"]
[BlackClock "0:00:48"]
[Board "149"]

1. e4 c6 2. d4 d5 3. e5 Bf5 4. Nf3 e6 5. Be2 Ne7 6. O-O Nd7 7. b3 h6 8. c4 Bg6 9. Bd3 Bxd3 10. Qxd3 Nf5 11. Ba3 Bxa3 12. Nxa3 O-O 13. Nc2 f6 14. exf6 Qxf6 15. Ne3 Nd6 16. Nd2 Rae8 17. Rae1 Qg5 18. c5 Nb5 19. a4 Nc7 20. Kh1 e5 21. Nf3 Qf4 22. Nxe5 Nxe5 23. dxe5 Rxe5 24. Nc2 Rxe1 25. Nxe1 Ne6 26. Qc3 Qd4 27. Qxd4 Nxd4 28. b4 Nb3 29. Nd3 a5 30. Rb1 Nd2 31. Rd1 Ne4 32. b5 Rxf2 33. bxc6 bxc6 34. Kg1 Rc2 35. Rb1 Nxc5 36. Ne5 Nxa4 37. Ra1 Nb2 38. Rxa5 d4 39. Ra2 Rc1+ 40. Kf2 Nd1+ 41. Kf3 c5 42. Rd2 Ne3 43. Nd3 Rc3 44. Ke4 Nf1 45. Rd1 Nxh2 46. Kd5 Ng4 47. Nxc5 Ne3+ 48. Kxd4 Nxd1 0-1


[Site "https://www.chess.com"]

[Event "Titled Tuesday Blitz August 08 Early 2023"]
[White "Xie, Bryan"]
[Black "Javakhadze, Zurab"]
[WhiteFideId "30941296"]
[BlackFideId "13603647"]
[WhiteElo "2402"]
[BlackElo "2808"]
[Result "0-1"]
[Round "2"]
[TimeControl "180+1"]
[Date "2023.08.08"]
[WhiteClock "0:00:00"]
[BlackClock "0:00:34"]
[Board "150"]

1. e4 c5 2. Nf3 d6 3. d4 cxd4 4. Nxd4 Nf6 5. Nc3 g6 6. Be3 Bg7 7. f3 a6 8. Qd2 Nbd7 9. O-O-O b5 10. Bh6 Bxh6 11. Qxh6 Bb7 12. Kb1 Rc8 13. h4 Rxc3 14. bxc3 Qc7 15. Kb2 Nb6 16. Nxb5 axb5 17. Bxb5+ Bc6 18. c4 Bxb5 19. cxb5 Na4+ 20. Kc1 Qc3 21. Rhe1 Kd7 22. Qe3 Qb2+ 23. Kd2 Qb4+ 24. Kc1 Rc8 25. Qb3 Nc3 26. Qxb4 Nxa2+ 27. Kb2 Nxb4 28. c3 Rc4 29. cxb4 Rxb4+ 30. Kc3 Rxb5 31. f4 Rc5+ 32. Kb4 Ng4 33. e5 Rc2 34. exd6 exd6 35. g3 f5 36. Rd3 Nf6 37. Ra3 Rc7 38. Rea1 Nd5+ 39. Kb5 Rc5+ 40. Ka4 Nc3+ 41. Kb3 Ne4 42. Ra7+ Ke6 43. Rxh7 Rc3+ 44. Kb2 Rxg3 45. Raa7 Rg4 46. Rhg7 Kd5 47. Raf7 Rxh4 48. Rxg6 Rxf4 49. Kc2 Rf3 50. Rg8 Kd4 51. Rgf8 Rf2+ 52. Kd1 Ng3 53. Ra8 f4 54. Ra4+ Ke5 55. Re7+ Kf5 56. Rf7+ Kg4 57. Rf8 d5 58. Rd4 Nf5 0-1


[Site "https://www.chess.com"]

[Event "Titled Tuesday Blitz August 08 Early 2023"]
[White "Zelbel, Patrick"]
[Black "Davidson, Kevin"]
[WhiteFideId "24624322"]
[BlackFideId "2056810"]
[WhiteElo "2791"]
[BlackElo "2400"]
[Result "1-0"]
[Round "2"]
[TimeControl "180+1"]
[Date "2023.08.08"]
[WhiteClock "0:01:22"]
[BlackClock "0:00:27"]
[Board "151"]

1. e4 c5 2. b4 cxb4 3. a3 d5 4. exd5 Qxd5 5. Nf3 e5 6. c4 bxc3 7. Nxc3 Qa5 8. Qb3 Nc6 9. Bc4 Nh6 10. d3 Nd4 11. Nxd4 exd4 12. O-O Qxc3 13. Bb5+ Kd8 14. Qd5+ Kc7 15. Bf4+ Kb6 16. Rab1 a6 17. Bxa6+ Kxa6 18. Qb5+ Ka7 19. Qb6# 1-0


[Site "https://www.chess.com"]

[Event "Titled Tuesday Blitz August 08 Early 2023"]
[White "Herman, Daniel"]
[Black "Mahdavi, Reza"]
[WhiteFideId "30935008"]
[BlackFideId "12595926"]
[WhiteElo "2398"]
[BlackElo "2752"]
[Result "0-1"]
[Round "2"]
[TimeControl "180+1"]
[Date "2023.08.08"]
[WhiteClock "0:00:00"]
[BlackClock "0:01:05"]
[Board "153"]

1. c4 c5 2. g3 g6 3. Bg2 Nc6 4. Nc3 Bg7 5. Rb1 e6 6. a3 Nge7 7. b4 cxb4 8. axb4 O-O 9. Nf3 d5 10. cxd5 exd5 11. b5 Na5 12. d4 Bf5 13. Ra1 Rc8 14. Bd2 b6 15. O-O Qd7 16. Ne5 Qe6 17. e3 Rc7 18. Nc6 Naxc6 19. bxc6 Qxc6 20. Qb3 Be6 21. Nb5 Rb7 22. Rfc1 Qd7 23. Qa4 a5 24. Rc3 Rc8 25. Rxc8+ Nxc8 26. Rc1 Nd6 27. Bf1 Nc4 28. Bc3 h5 29. e4 Bh3 30. Bxh3 Qxh3 31. exd5 Bh6 32. Qxc4 Bxc1 33. Nd6 Re7 34. Qc8+ Qxc8 0-1


[Site "https://www.chess.com"]

[Event "Titled Tuesday Blitz August 08 Early 2023"]
[White "Bueno, Alfeu Junior Varela"]
[Black "Karthikeyan Pandiyan"]
[WhiteFideId "2108879"]
[BlackFideId "45084963"]
[WhiteElo "2397"]
[BlackElo "2751"]
[Result "1-0"]
[Round "2"]
[TimeControl "180+1"]
[Date "2023.08.08"]
[WhiteClock "0:01:06"]
[BlackClock "0:00:16"]
[Board "154"]

1. e4 c5 2. Nc3 Nc6 3. f4 g6 4. Nf3 Bg7 5. Bb5 e6 6. Bxc6 bxc6 7. d3 d6 8. O-O Ne7 9. e5 O-O 10. Ne4 Nf5 11. exd6 Nd4 12. Nxc5 Nxf3+ 13. Qxf3 Qxd6 14. Ne4 Qd5 15. c4 Qd4+ 16. Kh1 Rd8 17. Rd1 Rb8 18. Rb1 f5 19. Nc3 c5 20. Be3 Qd6 21. Nb5 Qd7 22. Bxc5 Bb7 23. Qf2 a6 24. Nc3 e5 25. fxe5 Bxe5 26. d4 Bg7 27. d5 Rbc8 28. Rbc1 a5 29. b3 Re8 30. Bd4 Bh6 31. Rb1 a4 32. Nxa4 Re4 33. Nc5 Rxc5 34. Bxc5 Qe8 35. Re1 Bf4 1-0


[Site "https://www.chess.com"]

[Event "Titled Tuesday Blitz August 08 Early 2023"]
[White "Llanos, Guillermo"]
[Black "Wagner, Dennis"]
[WhiteFideId "100358"]
[BlackFideId "24650684"]
[WhiteElo "2395"]
[BlackElo "2740"]
[Result "0-1"]
[Round "2"]
[TimeControl "180+1"]
[Date "2023.08.08"]
[WhiteClock "0:00:40"]
[BlackClock "0:00:41"]
[Board "155"]

1. b3 e5 2. Bb2 Nc6 3. e3 d5 4. Bb5 Ne7 5. Bxe5 a6 6. Bxc6+ Nxc6 7. Bb2 h5 8. Ne2 Bd6 9. d4 h4 10. h3 Qg5 11. Kf1 Bf5 12. Nd2 O-O 13. Nf3 Qh6 14. c4 Rfe8 15. c5 Bf8 16. Nf4 Rad8 17. Nd3 f6 18. a3 Re7 19. b4 g5 20. Nh2 Qg6 21. Ne1 Rde8 22. Bc1 Kh7 23. Bd2 Bg7 24. Ra2 Bd3+ 25. Nxd3 Qxd3+ 26. Kg1 Nxd4 27. Nf3 Nxf3+ 28. Qxf3 Qb1+ 29. Kh2 Qxa2 30. Qh5+ Kg8 0-1


[Site "https://www.chess.com"]

[Event "Titled Tuesday Blitz August 08 Early 2023"]
[White "Koellner, Ruben Gideon"]
[Black "Chudnovsky, Jacob"]
[WhiteFideId "12993093"]
[BlackFideId "2010046"]
[WhiteElo "2728"]
[BlackElo "2390"]
[Result "1-0"]
[Round "2"]
[TimeControl "180+1"]
[Date "2023.08.08"]
[WhiteClock "0:00:59"]
[BlackClock "0:00:26"]
[Board "156"]

1. Nf3 Nf6 2. e3 g6 3. d4 Bg7 4. Nbd2 d5 5. b4 O-O 6. c4 c6 7. a4 Nbd7 8. Bb2 Ne4 9. Nxe4 dxe4 10. Nd2 f5 11. Qb3 e5 12. d5 cxd5 13. cxd5 Kh8 14. Rd1 a5 15. Ba3 axb4 16. Bxb4 Rf6 17. Bb5 Bf8 18. Nc4 Nc5 19. Bxc5 Bxc5 20. Nxe5 Qa5+ 21. Ke2 b6 22. Nc6 Ba6 23. Nxa5 1-0


[Site "https://www.chess.com"]

[Event "Titled Tuesday Blitz August 08 Early 2023"]
[White "Preotu, Razvan"]
[Black "Rosenberg, Evan S"]
[WhiteFideId "2613280"]
[BlackFideId "2019299"]
[WhiteElo "2709"]
[BlackElo "2388"]
[Result "0-1"]
[Round "2"]
[TimeControl "180+1"]
[Date "2023.08.08"]
[WhiteClock "0:00:37"]
[BlackClock "0:00:29"]
[Board "157"]

1. e4 c5 2. Nf3 g6 3. d4 cxd4 4. Nxd4 Nf6 5. c4 Nxe4 6. Bd3 Nf6 7. O-O Nc6 8. Nxc6 dxc6 9. Qc2 Bg7 10. Bf4 O-O 11. Nd2 Be6 12. Nf3 Qa5 13. a3 Rad8 14. b4 Qh5 15. Rae1 c5 16. Re5 Qg4 17. Be3 Rxd3 18. Qxd3 Bxc4 19. Qc2 Bxf1 20. Kxf1 cxb4 21. h3 Qd7 22. axb4 Nd5 23. Re4 Nxe3+ 24. Rxe3 Rc8 25. Qb3 Rc1+ 26. Re1 Qb5+ 27. Kg1 Rxe1+ 28. Nxe1 a5 29. Nc2 Be5 30. Qe3 axb4 31. Nxb4 Bd6 0-1


[Site "https://www.chess.com"]

[Event "Titled Tuesday Blitz August 08 Early 2023"]
[White "Buscar, Michael"]
[Black "Khachiyan, Melikset"]
[WhiteFideId "2603616"]
[BlackFideId "13300512"]
[WhiteElo "2386"]
[BlackElo "2702"]
[Result "1/2-1/2"]
[Round "2"]
[TimeControl "180+1"]
[Date "2023.08.08"]
[WhiteClock "0:01:18"]
[BlackClock "0:00:42"]
[Board "158"]

1. d4 Nf6 2. c4 g6 3. Nc3 Bg7 4. e4 O-O 5. Nf3 d6 6. Be2 Bg4 7. h3 Bxf3 8. Bxf3 Nfd7 9. Bg5 a6 10. O-O c5 11. Be3 Nc6 12. Ne2 Qb6 13. dxc5 Nxc5 14. Rb1 a5 15. Nd4 Ne5 16. Be2 Rac8 17. a3 Qa6 18. b4 axb4 19. axb4 Nxe4 20. c5 Qa2 21. Ra1 Qd5 22. cxd6 exd6 23. Ra5 b5 24. Nxb5 Qxd1 25. Rxd1 Nc4 26. Bxc4 Rxc4 27. Nxd6 Nxd6 28. Rxd6 Rxb4 29. Rd1 Rc4 30. Rc5 1/2-1/2


[Site "https://www.chess.com"]

[Event "Titled Tuesday Blitz August 08 Early 2023"]
[White "Grieve, Harry"]
[Black "Pershina, Elena"]
[WhiteFideId "426520"]
[BlackFideId "24147516"]
[WhiteElo "2697"]
[BlackElo "2380"]
[Result "1/2-1/2"]
[Round "2"]
[TimeControl "180+1"]
[Date "2023.08.08"]
[WhiteClock "0:00:05"]
[BlackClock "0:00:05"]
[Board "159"]

1. Nf3 d5 2. a4 c5 3. e3 Nf6 4. d4 e6 5. c4 cxd4 6. exd4 Be7 7. Nc3 O-O 8. c5 b6 9. b4 a5 10. Ba3 axb4 11. Bxb4 bxc5 12. dxc5 Na6 13. Bxa6 Bxa6 14. Nb5 Ne4 15. Rc1 Rc8 16. Qd4 Qe8 17. c6 Bxb4+ 18. Qxb4 Rxc6 19. O-O Qa8 20. Ne5 Rxc1 21. Rxc1 Rc8 22. Qa3 f6 23. Nd7 Bxb5 24. Rxc8+ Qxc8 25. axb5 Qxd7 26. b6 Nd6 27. Qa7 Nb7 28. h4 Kf7 29. Qb8 d4 30. Kf1 d3 31. Ke1 d2+ 32. Kd1 Nc5 33. Qa7 Nb7 34. Qb8 Qc6 35. Kxd2 Qxb6 36. Ke2 Qb5+ 37. Kf3 Qd5+ 38. Ke2 Nc5 39. Qc7+ Nd7 40. Qd8 Ne5 41. Qc7+ Nd7 42. Qd8 Kg6 43. Qe8+ Kf5 44. Qh5+ Ke4 45. Qxh7+ Kd4 46. Qxg7 Qe4+ 47. Kf1 Ne5 48. Qxf6 Qb1+ 49. Ke2 Qd3+ 50. Ke1 Qb1+ 51. Ke2 Qc2+ 52. Ke1 Qc1+ 53. Ke2 Qc2+ 54. Ke1 Qc1+ 55. Ke2 Qc2+ 1/2-1/2


[Site "https://www.chess.com"]

[Event "Titled Tuesday Blitz August 08 Early 2023"]
[White "Gubajdullin, Alexei"]
[Black "EsmeraldasAnderson03"]
[WhiteFideId "4141202"]
[WhiteElo "2687"]
[BlackElo "2378"]
[Result "1-0"]
[Round "2"]
[TimeControl "180+1"]
[Date "2023.08.08"]
[WhiteClock "0:01:50"]
[BlackClock "0:00:51"]
[Board "160"]

1. d4 d5 2. Nf3 Nf6 3. Bf4 e6 4. Nbd2 Bd6 5. Bg3 O-O 6. e3 c5 7. c3 Qc7 8. dxc5 Qxc5 9. b4 Qc7 10. c4 Bxg3 11. hxg3 a5 12. b5 Nbd7 13. Qc2 h6 14. Rc1 b6 15. Qb1 Qd6 16. Be2 Bb7 17. O-O Rac8 18. Rfd1 Nc5 19. cxd5 Bxd5 20. Nc4 Qb8 21. Nfe5 Rfd8 22. Bf3 Bxf3 23. gxf3 Qb7 24. Nc6 Rxd1+ 25. Rxd1 Nd5 26. Nd6 Qc7 27. Nxc8 Nc3 28. N8e7+ Kf8 29. Qh7 Qxe7 30. Qh8# 1-0


[Site "https://www.chess.com"]

[Event "Titled Tuesday Blitz August 08 Early 2023"]
[White "Skliarov, Viktor"]
[Black "Carrasco Miranda, Andres"]
[WhiteFideId "14106736"]
[BlackFideId "3405990"]
[WhiteElo "2680"]
[BlackElo "2373"]
[Result "1-0"]
[Round "2"]
[TimeControl "180+1"]
[Date "2023.08.08"]
[WhiteClock "0:01:42"]
[BlackClock "0:00:05"]
[Board "161"]

1. e4 e5 2. Nc3 Nf6 3. Bc4 Nc6 4. d3 Na5 5. Nge2 Bc5 6. Ng3 d6 7. O-O Nxc4 8. dxc4 h6 9. b3 a5 10. a4 Be6 11. Ba3 Bd4 12. Qd3 O-O 13. Rad1 Nd7 14. Nb5 Bb6 15. Kh1 Nc5 16. Qe2 Qe7 17. Bc1 c6 18. Nxd6 Rad8 19. Ndf5 Bxf5 20. Nxf5 Qf6 21. f3 Kh7 22. Be3 g6 23. Nxh6 Rxd1 24. Rxd1 Rd8 25. Rxd8 Qxd8 26. Nxf7 Qe7 27. Ng5+ Kg7 28. g3 Bd8 29. h4 Na6 30. Qd2 Nb4 31. Qxd8 1-0


[Site "https://www.chess.com"]

[Event "Titled Tuesday Blitz August 08 Early 2023"]
[White "Vifleemskaia, Svetlana"]
[Black "Piesik, Piotr"]
[WhiteFideId "4129490"]
[BlackFideId "1136194"]
[WhiteElo "2372"]
[BlackElo "2658"]
[Result "1-0"]
[Round "2"]
[TimeControl "180+1"]
[Date "2023.08.08"]
[WhiteClock "0:00:20"]
[BlackClock "0:00:00"]
[Board "162"]

1. d4 c5 2. d5 e5 3. c4 d6 4. Nc3 Be7 5. Nf3 a6 6. a4 b6 7. e4 Bg4 8. Bd3 Nd7 9. h3 Bxf3 10. Qxf3 Bg5 11. O-O Bxc1 12. Raxc1 Ne7 13. Qg4 O-O 14. h4 Nf6 15. Qf3 h5 16. g3 Ng4 17. Qe2 f5 18. exf5 Nxf5 19. Bxf5 Rxf5 20. f3 Nf6 21. Ne4 Qd7 22. Kg2 Rf8 23. Ng5 Qxa4 24. Ra1 Qb3 25. Ra3 Qb4 26. Rxa6 e4 27. Ne6 exf3+ 28. Rxf3 Rxf3 29. Kxf3 Re8 30. Ra7 Ng4 31. Rxg7+ Kh8 32. Rg5 Qb3+ 33. Kf4 1-0


[Site "https://www.chess.com"]

[Event "Titled Tuesday Blitz August 08 Early 2023"]
[White "Kleiman, Jake"]
[Black "Qiao, Cindy"]
[WhiteFideId "2020041"]
[BlackFideId "2620243"]
[WhiteElo "2654"]
[BlackElo "2371"]
[Result "0-1"]
[Round "2"]
[TimeControl "180+1"]
[Date "2023.08.08"]
[WhiteClock "0:00:39"]
[BlackClock "0:00:11"]
[Board "163"]

1. c4 e5 2. Nc3 Nf6 3. Nf3 Nc6 4. e3 d5 5. cxd5 Nxd5 6. Bb5 Nxc3 7. bxc3 Bd6 8. d4 exd4 9. cxd4 O-O 10. O-O Bg4 11. h3 Bh5 12. Rb1 Qf6 13. Be2 Rab8 14. Qa4 a6 15. Ba3 Rfe8 16. Bxd6 Qxd6 17. Rfc1 h6 18. Rc5 Bg6 19. Rbc1 Re7 20. Bf1 Nd8 21. Ne5 Be4 22. Qb3 Ne6 23. R5c3 c6 24. Qb6 Ree8 25. a4 Nc7 26. Nc4 Qd7 27. Qc5 Nd5 28. Nb6 Nxb6 29. Qxb6 Bd5 30. Rb1 Qe6 31. Qc5 Qg6 32. Rb6 Qe6 33. Rc1 Rec8 34. Rcb1 Qg6 35. R1b2 Rc7 36. Rxa6 Re8 37. Rab6 Ree7 38. Qd6 Qxd6 0-1


[Site "https://www.chess.com"]

[Event "Titled Tuesday Blitz August 08 Early 2023"]
[White "Nosacheva, Mariya"]
[Black "Markov, Mikhail"]
[WhiteFideId "34111422"]
[BlackFideId "13800698"]
[WhiteElo "2371"]
[BlackElo "2626"]
[Result "1-0"]
[Round "2"]
[TimeControl "180+1"]
[Date "2023.08.08"]
[WhiteClock "0:00:43"]
[BlackClock "0:01:44"]
[Board "164"]

1. e4 c5 2. Nf3 d6 3. d4 cxd4 4. Nxd4 Nf6 5. Nc3 a6 6. g3 e5 7. Nb3 Be7 8. Bg2 O-O 9. O-O b5 10. a4 bxa4 11. Rxa4 Nbd7 12. Be3 Bb7 13. Na5 Qc7 14. Re1 Rfb8 15. Nxb7 Rxb7 16. Ra2 Nc5 17. b3 Nxb3 18. Na4 Nc5 19. Nxc5 dxc5 20. Qa1 a5 21. Ra4 c4 22. Bf1 c3 23. Rc4 Qd8 24. Rd1 Bb4 25. Rxd8+ Rxd8 26. Bc5 Bxc5 27. Rxc5 Nxe4 28. Rxe5 Nd2 29. Qxc3 h6 30. Qxa5 Rbb8 31. Re1 Nf3+ 32. Kg2 Nxe1+ 33. Qxe1 Rbc8 34. c4 Rc5 35. Qe3 Rdc8 36. Bd3 g6 37. Qe7 R8c7 38. Qe8+ Kg7 39. h4 h5 40. Qe4 Rc8 41. Qd4+ Kg8 42. Kf3 R8c7 43. Qd8+ Kg7 44. Qd6 Kg8 45. Ke2 Kg7 46. Kd2 R5c6 47. Qd4+ Kg8 48. Kc3 Rc8 49. Be4 R6c7 50. Bd5 Rc5 51. Kb4 R5c7 52. Qf6 Kh7 53. Bxf7 Rf8 54. Qxg6+ 1-0


[Site "https://www.chess.com"]

[Event "Titled Tuesday Blitz August 08 Early 2023"]
[White "Melikhov, Evgeny V."]
[Black "Iskusnyh, Sergei"]
[WhiteFideId "4122046"]
[BlackFideId "4120027"]
[WhiteElo "2370"]
[BlackElo "2622"]
[Result "0-1"]
[Round "2"]
[TimeControl "180+1"]
[Date "2023.08.08"]
[WhiteClock "0:00:24"]
[BlackClock "0:00:20"]
[Board "165"]

1. d4 d5 2. c4 c6 3. Nc3 Nf6 4. e3 e6 5. Nf3 a6 6. c5 Nbd7 7. Be2 g6 8. O-O Bg7 9. Na4 O-O 10. Bd2 Re8 11. Bc3 Ne4 12. Rb1 e5 13. Re1 Nxc3 14. Nxc3 e4 15. Nd2 f5 16. g3 g5 17. f4 gxf4 18. gxf4 Qh4 19. Rf1 Re6 20. Qe1 Qh3 21. Qf2 Rg6+ 22. Kh1 Nf8 23. Rg1 Be6 24. Rg3 Qh6 25. Rbg1 Kh8 26. Rg5 Bf6 27. Rh5 Qg7 28. Rxg6 Nxg6 29. Bf1 Rg8 30. Bh3 Nxf4 31. exf4 Bxd4 32. Qg3 Qf7 33. Rg5 Bxc5 34. Rxg8+ Qxg8 35. Qxg8+ Kxg8 36. Kg2 Be3 37. Ne2 Bxd2 38. Nd4 Bd7 39. Bxf5 Bxf5 40. Nxf5 Bxf4 41. h3 Kf7 42. b3 Kf6 43. Nd4 c5 44. Ne2 Be5 0-1


[Site "https://www.chess.com"]

[Event "Titled Tuesday Blitz August 08 Early 2023"]
[White "Pham, Le Thao Nguyen"]
[Black "Gu, Xiaobing"]
[WhiteFideId "12401226"]
[BlackFideId "8602611"]
[WhiteElo "2621"]
[BlackElo "2370"]
[Result "1-0"]
[Round "2"]
[TimeControl "180+1"]
[Date "2023.08.08"]
[WhiteClock "0:00:18"]
[BlackClock "0:00:07"]
[Board "166"]

1. d4 Nf6 2. c4 g6 3. Nf3 Bg7 4. g3 d6 5. Bg2 O-O 6. O-O Nc6 7. d5 Na5 8. Nfd2 c5 9. Nc3 Rb8 10. a4 e6 11. Rb1 exd5 12. cxd5 a6 13. b4 cxb4 14. Rxb4 Nd7 15. Bb2 Qc7 16. Nce4 Bxb2 17. Rxb2 f5 18. Ng5 Ne5 19. Qb1 Qg7 20. Rc1 h6 21. Ne6 Bxe6 22. dxe6 Nac6 23. Rb6 Nd4 24. Kf1 Nec6 25. Bd5 Qe5 26. e7+ Qxd5 27. exf8=Q+ Rxf8 28. Nf3 Nxf3 29. exf3 Qxf3 30. Qb3+ Qxb3 31. Rxb3 Rf7 32. Rd3 Rd7 33. Rcd1 Kf7 34. Rxd6 Re7 35. h4 Ne5 36. h5 gxh5 37. Rxh6 Rc7 38. Rh7+ 1-0


[Site "https://www.chess.com"]

[Event "Titled Tuesday Blitz August 08 Early 2023"]
[White "Gueci, Tea"]
[Black "Komov, Roman"]
[WhiteFideId "872342"]
[BlackFideId "24175714"]
[WhiteElo "2368"]
[BlackElo "2618"]
[Result "1-0"]
[Round "2"]
[TimeControl "180+1"]
[Date "2023.08.08"]
[WhiteClock "0:00:25"]
[BlackClock "0:00:18"]
[Board "167"]

1. e4 c6 2. d4 d5 3. e5 Bf5 4. Nd2 e6 5. Nb3 Nd7 6. Nf3 h6 7. Be2 a6 8. a4 c5 9. dxc5 Bxc5 10. Nxc5 Nxc5 11. O-O Ne7 12. Be3 Rc8 13. a5 Nd7 14. c3 Nc6 15. Nd4 Be4 16. Nxc6 Rxc6 17. f4 O-O 18. Qe1 Nc5 19. Qg3 Kh8 20. Bd4 Nb3 21. Ra3 Nxa5 22. Bg4 Nc4 23. Ra2 Qd7 24. Qh3 Nd2 25. Rd1 Nb3 26. Be3 Kh7 27. Ra4 Bc2 28. Rf1 Rc4 29. Rxc4 dxc4 30. f5 exf5 31. Rxf5 Qe7 32. Bxh6 gxh6 33. Rf6 Bg6 34. Bf5 Qc5+ 35. Kh1 Qxe5 36. Bxg6+ fxg6 37. Qd7+ Kg8 38. Rxg6+ Kh8 39. Rxh6+ Kg8 40. Qh7# 1-0


[Site "https://www.chess.com"]

[Event "Titled Tuesday Blitz August 08 Early 2023"]
[White "brm72"]
[Black "Der_Balak_3Halak"]
[WhiteElo "2618"]
[BlackElo "2366"]
[Result "1-0"]
[Round "2"]
[TimeControl "180+1"]
[Date "2023.08.08"]
[WhiteClock "0:00:15"]
[BlackClock "0:00:02"]
[Board "168"]

1. e4 c5 2. Nf3 Nc6 3. Bb5 g6 4. Bxc6 bxc6 5. O-O d6 6. h3 Bg7 7. c3 e5 8. d4 cxd4 9. cxd4 exd4 10. Nxd4 Ne7 11. Nc3 O-O 12. Re1 a6 13. Bg5 Bb7 14. Qd2 Re8 15. Rad1 Qc7 16. Bf4 Rad8 17. Nf3 Nc8 18. Qc2 c5 19. Nd5 Bxd5 20. Rxd5 Nb6 21. Rdd1 Qc6 22. b3 a5 23. Bg5 Ra8 24. Bf4 Re6 25. e5 Nd5 26. Bg3 Nb4 27. Qb1 d5 28. a3 Na6 29. Ng5 Re7 30. Qd3 h6 31. Nf3 Nc7 32. h4 a4 33. h5 g5 34. Nh2 axb3 35. Qxb3 c4 36. Qf3 Qc5 37. Ng4 Rxa3 38. Qf5 Rxg3 39. Nf6+ Bxf6 40. exf6 Re6 41. Rxe6 Nxe6 42. Rxd5 Qb6 43. Rb5 Qa7 44. Ra5 Qb8 45. fxg3 Nd4 46. Qf2 Qb6 47. Ra8+ Kh7 48. Kh2 c3 49. Qe3 Nf5 50. Qd3 Qc6 51. Qxf5# 1-0


[Site "https://www.chess.com"]

[Event "Titled Tuesday Blitz August 08 Early 2023"]
[White "Ventura Bolet, Maxim"]
[Black "Lenaerts, Lennert"]
[WhiteFideId "22238824"]
[BlackFideId "211435"]
[WhiteElo "2366"]
[BlackElo "2615"]
[Result "1-0"]
[Round "2"]
[TimeControl "180+1"]
[Date "2023.08.08"]
[WhiteClock "0:00:14"]
[BlackClock "0:01:00"]
[Board "169"]

1. Nf3 d5 2. c4 e6 3. b3 Nf6 4. Bb2 Be7 5. e3 O-O 6. Nc3 b6 7. Qc2 Bb7 8. cxd5 exd5 9. d4 Nbd7 10. Qf5 Re8 11. Bd3 Nf8 12. O-O Ng6 13. Ne5 Bd6 14. f4 c5 15. Nb5 cxd4 16. exd4 Ba6 17. a4 Qe7 18. Qh3 Ne4 19. Rae1 Bb7 20. Rf3 Bb4 21. Ref1 Nd2 22. Rg3 Nxf1 23. Kxf1 Nxf4 24. Qxh7+ Kf8 25. Qxg7# 1-0


[Site "https://www.chess.com"]

[Event "Titled Tuesday Blitz August 08 Early 2023"]
[White "Ai, Evan"]
[Black "Jain Kashish Manoj"]
[WhiteFideId "2094770"]
[BlackFideId "35081098"]
[WhiteElo "2365"]
[BlackElo "2612"]
[Result "0-1"]
[Round "2"]
[TimeControl "180+1"]
[Date "2023.08.08"]
[WhiteClock "0:00:00"]
[BlackClock "0:00:13"]
[Board "170"]

1. e4 c5 2. Nf3 d6 3. d4 cxd4 4. Nxd4 Nf6 5. Nc3 Nc6 6. Bg5 e6 7. Qd2 a6 8. Be2 Bd7 9. g4 Be7 10. Be3 Nxd4 11. Qxd4 Bc6 12. g5 e5 13. Qd3 Nd7 14. h4 f5 15. Nd5 f4 16. Bd2 Nc5 17. Qf3 O-O 18. Bc4 Kh8 19. O-O-O b5 20. Bb3 a5 21. g6 a4 22. Qh5 h6 23. Nxf4 axb3 24. a3 bxc2 25. Rde1 Rxf4 26. Bxf4 Nd3+ 27. Kxc2 Nxf4 0-1


[Site "https://www.chess.com"]

[Event "Titled Tuesday Blitz August 08 Early 2023"]
[White "K2JW"]
[Black "Bagrationi, Alexander"]
[BlackFideId "14104954"]
[WhiteElo "2364"]
[BlackElo "2605"]
[Result "1-0"]
[Round "2"]
[TimeControl "180+1"]
[Date "2023.08.08"]
[WhiteClock "0:00:24"]
[BlackClock "0:00:49"]
[Board "171"]

1. e4 e5 2. Nf3 Nf6 3. d3 d5 4. exd5 Qxd5 5. Nc3 Bb4 6. Bd2 Bxc3 7. Bxc3 Nc6 8. Qe2 Bg4 9. O-O-O Bxf3 10. gxf3 O-O-O 11. Kb1 Nd4 12. Qe3 Qxf3 13. Qxf3 Nxf3 14. Bg2 Nd4 15. Rhg1 g6 16. Rge1 Rhe8 17. h3 c6 18. Re3 Nh5 19. Rde1 Nf4 20. Bf1 f6 21. Bxd4 Rxd4 22. c3 Rd6 23. d4 Rde6 24. Bc4 R6e7 25. Kc2 Kd7 26. Rd1 exd4 27. Rxd4+ Kc7 28. Rxe7+ Rxe7 29. Rxf4 f5 30. Rf3 Re1 31. Re3 Rh1 32. Re7+ Kd6 33. Rxh7 b5 34. Bd3 a5 35. Rg7 Ke5 36. Rxg6 Rxh3 37. Rg3 Rh2 38. Re3+ Kf4 39. Re2 b4 40. cxb4 axb4 41. Bc4 Kf3 42. Kb3 c5 43. Re5 f4 44. Re2 Rh1 45. Rc2 Re1 46. Bd5+ Kg4 47. f3+ Kg3 48. Rxc5 Re2 49. Be4 Kf2 50. Rc2 Rxc2 51. Kxc2 Ke3 52. a4 bxa3 53. bxa3 Kd4 54. Kb3 Kc5 55. a4 Kb6 56. Kb4 Ka7 57. a5 Ka6 58. Ka4 Ka7 59. Kb5 Kb8 60. Kb6 Kc8 61. a6 Kb8 62. a7+ Kc8 63. a8=Q+ Kd7 64. Qc6+ Kd8 65. Qd6+ Ke8 66. Bg6# 1-0


[Site "https://www.chess.com"]